 Dungeon Crawl Stone Soup version 0.24-a0-644-g049a785 (webtiles) character file.

Game seed: 14854429964886639345, levelgen mode: deterministic

95430 COBRA the Severer (level 16, -5/223 HPs)
             Began as a Hill Orc Fighter on Sept 25, 2019.
             Was a High Priest of Okawaru.
             Succumbed to a naga sharpshooter's splash of poison
             ... on level 4 of the Snake Pit on Sept 26, 2019.
             The game lasted 01:02:50 (13252 turns).

COBRA the Severer (Hill Orc Fighter)               Turns: 13252, Time: 01:02:50

Health: -5/223     AC: 31    Str: 25 (26) XL:     16   Next: 14%
Magic:  23/23      EV:  2    Int: 10      God:    Okawaru [*****.]
Gold:   374        SH: 24    Dex: 15      Spells: 15/15 levels left

rFire    . . .     SeeInvis +   a - +3 broad axe (flame)
rCold    . . .     Gourm    .   d - +2 large shield {AC+3}
rNeg     + + +     Faith    +   (armour currently unavailable)
rPois    .         Spirit   .   (helmet currently unavailable)
rElec    .         Reflect  .   (cloak currently unavailable)
rCorr    +         Harm     .   (gloves currently unavailable)
MR       +....     NoTele   +   (boots currently unavailable)
Stlth    +++.......             n - amulet of faith
HPRegen  0.47/turn              g - ring of resist corrosion
MPRegen  0.18/turn              L - ring "Ochihufug" {Str+5 SInv}

@: lethally poisoned (-5 -> -85), tree-form, heroism, finesse, poison vulnerable
A: rugged brown scales 1, clever 1, subdued magic 1
a: Heroism, Finesse, Renounce Religion


You were on level 4 of the Snake Pit.
You worshipped Okawaru.
Okawaru was extremely pleased with you.
You were hungry.
You were a tree.
You visited 4 branches of the dungeon, and saw 27 of its levels.
You also visited: Gauntlet and Volcano.

You collected 1896 gold pieces.
You spent 1522 gold pieces at shops.

Inventory:

Hand Weapons
 a - a +3 broad axe of flaming (weapon)
 b - the +5 war axe of Veffowk {flame, rElec MR+ Dex+4}
   (Okawaru gifted it to you on level 4 of the Snake Pit)

   It has been specially enchanted to burn those struck by it, causing extra
   injury to most foes and up to half again as much damage against particularly
   susceptible opponents.
   Big, fiery blades are also staple armaments of hydra-hunters.
   It affects your dexterity (+4).
   It insulates you from electricity.
   It affects your resistance to hostile enchantments.
 h - a +2 broad axe of venom
 C - a +1 war axe of draining
 V - the +10 battleaxe of Xogetsi {flame, rF+ Int+2, unknown}
   (You found it on level 3 of the Lair of Beasts)

   It has been specially enchanted to burn those struck by it, causing extra
   injury to most foes and up to half again as much damage against particularly
   susceptible opponents.
   Big, fiery blades are also staple armaments of hydra-hunters.
   It affects your intelligence (+2).
   It protects you from fire.
Armour
 d - a +2 large shield of protection (worn)
 m - a +0 helmet (melded)
 q - a +3 plate armour of fire resistance (melded)
 s - the +0 chain mail of the Tundras {rF+ rN+ MR- Int+5}
   (You found it on level 1 of the Snake Pit)

   It affects your intelligence (+5).
   It protects you from fire.
   It protects you from negative energy.
   It affects your resistance to hostile enchantments.
 u - a scarf of repulsion (melded)
 y - a +0 troll leather armour
 G - the +2 pair of boots of the Assassin (melded) {Detection Stab+ Stlth++}
   (You found it in a volcano)

   It makes you much more stealthy.
 M - a scarf of cloud immunity
 P - the +2 pair of boots "Urghed" {rElec rC- Dex+2 SInv}
   (Okawaru gifted it to you on level 6 of the Lair of Beasts)

   It affects your dexterity (+2).
   It makes you vulnerable to cold.
   It insulates you from electricity.
   It lets you see invisible.
 S - the +1 pair of gloves "Wuefemeliu" (melded) {rElec MR- Regen+ Stlth-}
   (You found it in a Gauntlet)

   It insulates you from electricity.
   It affects your resistance to hostile enchantments.
   It increases your rate of regeneration.
   It makes you less stealthy.
Jewellery
 g - a ring of resist corrosion (left branch)
 j - an uncursed ring of positive energy
 n - an amulet of faith (around neck)
 p - an uncursed ring of flight
 w - an uncursed ring of ice
 B - an uncursed amulet of rage
 L - the ring "Ochihufug" (right branch) {Str+5 SInv}
   (You bought it in a shop on level 2 of the Orcish Mines)

   [ring of strength]

   It affects your strength (+5).
   It lets you see invisible.
 O - the macabre finger necklace {rN+}
   (You took it off a minotaur in a Gauntlet)

   [amulet of nothing]

   It protects you from negative energy.
Wands
 A - a wand of digging (4)
 J - a wand of disintegration (6)
 T - a wand of iceblast (7)
 U - a wand of acid (5)
Scrolls
 e - 2 scrolls of remove curse
 k - 2 scrolls of teleportation
 r - 2 scrolls of vulnerability
 v - 3 scrolls of fear
 x - a scroll of fog
 Y - a scroll of blinking
Potions
 i - 5 potions of brilliance
 l - 2 potions of flight
 K - 2 potions of invisibility
Miscellaneous
 H - a fan of gales
Comestibles
 f - 31 rations


   Skills:
 - Level 13.7(18.7) Fighting
 - Level 18.5(23.5) Axes
 * Level 12.1(17.1) Armour
 - Level 11.1(16.1) Dodging
 * Level 12.1(17.1) Shields
 - Level 10.3 Invocations


You had 15 spell levels left.
You didn't know any spells.
Your spell library contained the following spells:

 Spells                   Type           Power        Failure   Level  Hunger
 Animate Skeleton         Necr           N/A          67%         1    ##.....
 Apportation              Tloc           #.....       67%         1    ##.....
 Confusing Touch          Hex            #.....       67%         1    ##.....
 Corona                   Hex            #......      67%         1    ##.....
 Flame Tongue             Conj/Fire      #....        67%         1    ##.....
 Summon Small Mammal      Summ           #...         67%         1    ##.....
 Ensorcelled Hibernation  Hex/Ice        #.....       82%         2    ###....
 Confuse                  Hex            #.......     96%         3    ####...
 Dazzling Spray           Conj/Hex       #.....       96%         3    ####...
 Tukima's Dance           Hex            #.......     96%         3    ####...
 Vampiric Draining        Necr           #.........   96%         3    ####...
 Fulminant Prism          Conj/Hex       #.........   100%        4    #####..
 Leda's Liquefaction      Hex/Erth       #.........   100%        4    #####..
 Bolt of Magma            Conj/Fire/Erth #.........   100%        5    ######.
 Fireball                 Conj/Fire      #.........   100%        5    ######.
 Iskenderun's Battlesphe  Conj/Chrm      #.......     100%        5    ######.
 Iron Shot                Conj/Erth      #.........   100%        6    #######
 Statue Form              Tmut/Erth      #........    100%        6    #######
 Shatter                  Erth           #.........   100%        9    #######


Dungeon Overview and Level Annotations

Branches:
Dungeon (15/15)            Temple (0/1) D:7            Lair (6/6) D:8
  Swamp (0/4) Lair:2        Snake (4/4) Lair:4        Slime (0/5) Lair:6
    Orc (2/2) D:10            Elf (0/3) Orc:2        Depths (0/5) D:15
Volcano (visited)         Gauntlet (visited)
 Vaults: D:13-14

Altars:
Kikubaaqudgha
Okawaru
Trog
Beogh
Jiyva

Shops:
D:5 %   D:7 *   Orc:1 *   Orc:2 ?(=*   Snake:3 *   Snake:4 =

Annotations:
D:5 2 transporters, Saint's ghost, amateur DEFE
D:7 1 exclusion
D:13 exclusion: downstairs
Lair:4 exclusion: oklob plant
Snake:3 2 transporters, Zonian's ghost, adept HuGl


Innate Abilities, Weirdness & Mutations

(You are partially covered in rugged brown scales. (AC +1, +3% HP))
Your mind is acute. (Int +2)
((Your flesh is cold resistant. (rC+)))
Your spells are a little easier to cast, but a little less powerful.


Message History

* * * LOW HITPOINT WARNING * * *
You feel extremely sick.
There is a lethal amount of poison in your body!
There is a lethal amount of poison in your body!
There is a lethal amount of poison in your body!
There is a lethal amount of poison in your body!
Really quaff the potion of mutation?
You feel extremely strange.
You feel healthier.
You feel frail.
You feel less energetic.
Your molten scales disappear.
You feel clever.
Your connection to magic feels subdued.
You feel resistant to cold.
Rugged brown scales grow over part of your body.
* * * LOW HITPOINT WARNING * * *
You feel extremely sick.
There is a lethal amount of poison in your body!
* * * LOW HITPOINT WARNING * * *
You feel extremely sick.
* * * LOW HITPOINT WARNING * * *
You feel extremely sick.
You die...

##..## ##.# #.# #.#
#.# #^### #...#
##...## #8..♣8#
##...## #...#
##...## #8...8#
##...#### ###
#...##8###8###
##............###
#⌠..............###


There were no monsters in sight!

Vanquished Creatures
  Rupert (Lair:4)
  5 nagarajas (Snake:4)
  An orc warlord (Orc:2)
  A dire elephant (D:15)
  The ghost of Xymn the Severer, a journeyman MiBe of Trog (Lair:3)
  A minotaur (Gauntlet)
  A blizzard demon (Gauntlet)
  Erolcha (D:11)
  7 naga warriors
  4 anacondas
  4 hydras
  A catoblepas (Lair:6)
  2 two-headed ogres
  A deep troll shaman (Lair:6)
  2 tengu warriors
  5 death yaks (Lair:6)
  2 orc high priests
  6 naga sharpshooters
  2 shock serpents
  Nergalle (D:12)
  A hell knight (Volcano)
  A fire crab (Gauntlet)
  A salamander mystic (Volcano)
  An unseen horror (D:10)
  4 naga ritualists
  2 orc knights (Orc:2)
  5 mana vipers
  A harpy (shapeshifter) (D:15)
  A lindwurm (Lair:6)
  2 orc sorcerers
  3 ugly things (D:14)
  3 cyclopes
  A slime creature (D:15)
  3 elephants (Lair:6)
  A deep elf mage (D:14)
  8 salamanders
  13 black mambas
  12 naga magi
  A centaur zombie (D:14)
  A gargoyle (D:14)
  2 molten gargoyles (Volcano)
  6 spiny frogs
  A centaur skeleton (D:10)
  A rime drake (Lair:4)
  4 komodo dragons
  A tengu conjurer (Gauntlet)
  3 polar bears (Lair:6)
  4 trolls (Orc:2)
  A meliai (shapeshifter) (D:14)
  A hornet (D:10)
  Prince Ribbit (Lair:2)
  4 hippogriffs
  A raiju (shapeshifter) (D:15)
  14 blink frogs
  A centaur simulacrum (D:15)
  6 fire bats
  A shadow (D:14)
  2 basilisks
  38 yaks
  2 vampires
  7 wargs
  22 nagas
  2 hell hounds (Lair:2)
  6 water moccasins
  6 porcupines
  3 ice beasts
  2 phantoms
  2 eyes of draining (D:10)
  43 orc warriors
  3 boggarts (D:15)
  A necrophage (D:6)
  A sky beast (D:11)
  12 wolves
  A black bear (D:6)
  8 ogres
  12 centaurs
  8 crocodiles
  2 big kobolds (D:10)
  14 bullfrogs
  7 scorpions
  9 killer bees
  3 wights (D:6)
  2 howler monkeys
  2 electric eels
  2 crimson imps
  A bullfrog zombie (D:9)
  2 lava snakes (Volcano)
  2 jellies
  4 hounds
  13 orc priests
  4 iguanas
  24 orc wizards
  4 hell rats (Lair:6)
  4 worker ants
  A hound zombie (D:3)
  9 gnolls
  5 adders
  A howler monkey skeleton (D:5)
  2 shadow imps
  An ooze (D:1)
  An adder zombie (D:9)
  An adder skeleton (D:7)
  4 worms
  A dart slug (D:3)
  3 leopard geckos
  84 orcs
  4 giant cockroaches
  8 goblins
  11 hobgoblins
  6 jackals
  14 kobolds
  4 quokkas
  10 bats
  3 frilled lizards
  2 jackal skeletons (D:5)
  A leopard gecko skeleton (D:6)
  A quokka skeleton (D:3)
  5 rats
  7 fungi
  2 plants (Lair:6)
637 creatures vanquished.

Vanquished Creatures (others)
  A naga warrior (Snake:4)
  A tengu conjurer (Gauntlet)
  A naga (Snake:3)
  A centaur (Orc:2)
  A demonic plant (Gauntlet)
  16 fungi
  32 plants
53 creatures vanquished.

Grand Total: 690 creatures vanquished

Notes
Turn   | Place    | Note
-------+----------+-------------------------------------------
     0 | D:1      | COBRA the Hill Orc Fighter began the quest for the Orb.
     0 | D:1      | Reached XP level 1. HP: 19/19 MP: 1/1
    16 | D:1      | Reached skill level 3 in Axes
    32 | D:1      | Reached XP level 2. HP: 24/26 MP: 2/2
    89 | D:1      | Reached skill level 4 in Axes
   187 | D:2      | Reached XP level 3. HP: 26/31 MP: 3/3
   210 | D:2      | Found an ancient bone altar of Kikubaaqudgha.
   341 | D:3      | Noticed a scorpion
   345 | D:3      | Killed a scorpion
   345 | D:3      | Reached skill level 6 in Axes
   345 | D:3      | Reached XP level 4. HP: 39/39 MP: 4/4
   388 | D:3      | You fall into a shaft and drop 2 floors!
   388 | D:5      | Entered Level 5 of the Dungeon
   403 | D:5      | Noticed a sky beast
   571 | D:4      | Reached XP level 5. HP: 12/45 MP: 5/5
   931 | D:3      | Reached skill level 7 in Axes
   957 | D:4      | Found an iron altar of Okawaru.
   970 | D:4      | Became a worshipper of Warmaster Okawaru
  1097 | D:4      | Reached skill level 8 in Axes
  1097 | D:4      | Reached XP level 6. HP: 20/51 MP: 6/6
  1323 | D:5      | Found a transporter.
  1325 | D:5      | Noticed Saint's ghost (amateur DEFE)
  1326 | D:5      | Noticed a hornet
  1327 | D:5      | Found a transporter.
  1378 | D:5      | Found Mithriq's Food Shop.
  1397 | D:6      | Noticed a water moccasin
  1633 | D:5      | Reached skill level 9 in Axes
  1721 | D:5      | Gained mutation: You have an increased reservoir of magic.
                  | (+10% MP) [potion of mutation]
  1721 | D:5      | Gained mutation: Your body sometimes deteriorates upon
                  | taking damage. [potion of mutation]
  1721 | D:5      | Gained mutation: You are robust. (+10% HP) [potion of
                  | mutation]
  1721 | D:5      | Gained mutation: You are partially covered in molten
                  | scales. (AC +2) [potion of mutation]
  1727 | D:5      | Noticed a phantom
  2011 | D:5      | Reached XP level 7. HP: 55/62 MP: 7/7
  2042 | D:5      | Reached skill level 10 in Axes
  2046 | D:5      | Reached * piety under Okawaru
  2204 | D:5      | Reached skill level 1 in Invocations
  2293 | D:6      | Reached XP level 8. HP: 61/70 MP: 9/12
  2339 | D:6      | Reached skill level 5 in Invocations
  2461 | D:6      | Reached skill level 5 in Fighting
  2604 | D:6      | Reached ** piety under Okawaru
  2698 | D:7      | Found a staircase to the Ecumenical Temple.
  2786 | D:7      | Found Apuakung's General Store.
  2805 | D:7      | Bought a +0 pair of gloves for 45 gold pieces
  2805 | D:7      | Bought a scroll of magic mapping for 35 gold pieces
  2899 | D:8      | Reached XP level 9. HP: 60/89 MP: 14/14
  2903 | D:8      | Reached skill level 1 in Dodging
  2996 | D:8      | Found a staircase to the Lair.
  3374 | D:9      | Reached skill level 5 in Armour
  3374 | D:9      | Reached skill level 5 in Shields
  3384 | D:9      | Reached *** piety under Okawaru
  3500 | D:10     | Entered Level 10 of the Dungeon
  3688 | D:10     | Noticed a hornet
  3707 | D:10     | Killed a hornet
  3707 | D:10     | Reached XP level 10. HP: 89/100 MP: 13/15
  3728 | D:10     | Found a staircase to the Orcish Mines.
  3757 | D:11     | Reached skill level 10 in Fighting
  3894 | D:10     | Reached **** piety under Okawaru
  3914 | D:10     | Noticed a cyclops
  4335 | D:11     | Noticed Erolcha
  4341 | D:11     | Killed Erolcha
  4341 | D:11     | Reached ***** piety under Okawaru
  4341 | D:11     | Reached skill level 10 in Invocations
  4589 | D:11     | Reached skill level 11 in Axes
  4754 | D:12     | Noticed Nergalle
  4774 | D:12     | Killed Nergalle
  4774 | D:12     | Reached skill level 12 in Axes
  4774 | D:12     | Reached XP level 11. HP: 86/108 MP: 20/20
  4849 | D:14     | Noticed a six-headed hydra
  4898 | D:14     | Noticed a two-headed ogre
  4912 | D:14     | Killed a two-headed ogre
  4912 | D:14     | Reached skill level 13 in Axes
  4913 | D:14     | Noticed a deep elf mage
  5005 | D:11     | Noticed a two-headed ogre
  5011 | D:11     | Killed a two-headed ogre
  5092 | Lair:1   | Entered Level 1 of the Lair of Beasts
  5125 | Lair:1   | Received a gift from Okawaru
  5365 | Lair:2   | Found a staircase to the Swamp.
  5392 | Lair:2   | Reached skill level 14 in Axes
  5558 | Lair:2   | Reached skill level 15 in Axes
  5597 | Lair:2   | Noticed Prince Ribbit
  5611 | Lair:2   | Killed Prince Ribbit
  5723 | Lair:2   | Found a dark tunnel.
  5741 | Volcano  | Entered a volcano
  6575 | Volcano  | Found a burning altar of Makhleb.
  6575 | Volcano  | Noticed a salamander
  6575 | Volcano  | Noticed a salamander
  6575 | Volcano  | Noticed a salamander mystic
  6575 | Volcano  | Noticed a salamander
  6582 | Volcano  | Killed a salamander
  6585 | Volcano  | Killed a salamander mystic
  6585 | Volcano  | Reached ****** piety under Okawaru
  6585 | Volcano  | Reached XP level 12. HP: 73/116 MP: 19/21
  6587 | Volcano  | Reached skill level 16 in Axes
  6630 | Volcano  | Found the +2 pair of boots of the Assassin {Detection Stab+
                  | Stlth++}
  6632 | Volcano  | Received a gift from Okawaru
  7127 | Lair:3   | Received a gift from Okawaru
  7128 | Lair:3   | Reached skill level 17 in Axes
  7424 | Lair:5   | Reached skill level 18 in Axes
  7530 | Lair:6   | Entered Level 6 of the Lair of Beasts
  7530 | Lair:6   | Found a viscous altar of Jiyva.
  7530 | Lair:6   | Found a staircase to the Slime Pits.
  7698 | Lair:5   | Noticed a five-headed hydra
  7702 | Lair:6   | Noticed a four-headed hydra
  7710 | Lair:6   | Killed a one-headed hydra
  7730 | Lair:6   | Reached XP level 13. HP: 99/124 MP: 22/22
  7897 | Lair:6   | Received a gift from Okawaru
  8040 | Lair:6   | Received a gift from Okawaru
  8057 | Lair:6   | Got a pair of slimy boots {god gift}
  8215 | D:8      | Identified the +2 pair of boots "Urghed" {rElec rC- Dex+2
                  | SInv} (Okawaru gifted it to you on level 6 of the Lair of
                  | Beasts)
  8273 | Orc:1    | Entered Level 1 of the Orcish Mines
  8314 | Orc:2    | Entered Level 2 of the Orcish Mines
  8348 | Orc:2    | Reached skill level 10 in Armour
  8348 | Orc:2    | Reached skill level 10 in Shields
  8541 | Orc:1    | Paralysed by an orc sorcerer for 7 turns
  8702 | Orc:2    | Found a staircase to the Elven Halls.
  8706 | Orc:2    | Noticed an orc warlord
  8769 | Orc:1    | Found Fisaul's Fabulous Fripperies.
  8782 | Orc:1    | Bought a scroll of fog for 28 gold pieces
  8782 | Orc:1    | Bought a potion of flight for 42 gold pieces
  9116 | Orc:2    | Received a gift from Okawaru
  9124 | Orc:2    | Got a smelly ring mail {god gift}
  9165 | Orc:2    | Found Uki Zimyt's Antique Weapon Shoppe.
  9165 | Orc:2    | Found Biji's Magic Scroll Shop.
  9167 | Orc:2    | Found Timiymn's Armour Boutique.
  9169 | Orc:2    | Found Wigit's Jewellery Emporium.
  9201 | Orc:2    | Reached XP level 14. HP: 99/133 MP: 23/23
  9302 | Orc:2    | Found Badikhez's General Store.
  9332 | Orc:2    | Bought a scroll of teleportation for 36 gold pieces
  9332 | Orc:2    | Bought an uncursed amulet of faith for 480 gold pieces
  9410 | Orc:2    | Killed an orc warlord
  9593 | Orc:2    | Found a roughly hewn altar of Beogh.
  9621 | Orc:2    | Bought the ring "Ochihufug" {Str+5 SInv} for 733 gold
                  | pieces
  9633 | Orc:2    | Identified the +0 ring mail of Mental Paralysis {rPois
                  | Int+4} (Okawaru gifted it to you on level 2 of the Orcish
                  | Mines)
  9681 | Orc:2    | Bought a scroll of identify for 26 gold pieces
  9681 | Orc:2    | Bought a scroll of fear for 45 gold pieces
  9681 | Orc:2    | Bought a scroll of identify for 26 gold pieces
  9681 | Orc:2    | Bought a scroll of identify for 26 gold pieces
  9955 | D:14     | Reached skill level 5 in Dodging
 10064 | D:14     | Received a gift from Okawaru
 10067 | D:14     | Got a warped scale mail {god gift}
 10078 | D:14     | Identified the +1 scale mail of Wemena {Int+7} (Okawaru
                  | gifted it to you on level 14 of the Dungeon)
 10090 | D:15     | Entered Level 15 of the Dungeon
 10130 | D:15     | Found a gate leading to a gauntlet.
 10139 | Gauntlet | Entered a Gauntlet
 10139 | Gauntlet | Found a transporter.
 10150 | Gauntlet | Found a transporter.
 10163 | Gauntlet | Found a transporter.
 10168 | Gauntlet | Found a transporter.
 10183 | Gauntlet | Found a transporter.
 10203 | Gauntlet | Found a transporter.
 10215 | Gauntlet | Found a transporter.
 10224 | Gauntlet | Found a transporter.
 10235 | Gauntlet | Found a large runed translucent door.
 10236 | Gauntlet | Found a large runed translucent door.
 10237 | Gauntlet | Found a large runed translucent door.
 10237 | Gauntlet | Found a large runed translucent door.
 10238 | Gauntlet | Found a runed translucent gate.
 10239 | Gauntlet | Found a transporter.
 10239 | Gauntlet | Found a runed translucent gate.
 10240 | Gauntlet | Found a runed translucent gate.
 10241 | Gauntlet | Found a large runed translucent door.
 10241 | Gauntlet | Found a large runed translucent door.
 10242 | Gauntlet | Found a large runed translucent door.
 10243 | Gauntlet | Found a large runed translucent door.
 10251 | Gauntlet | Found a transporter.
 10268 | Gauntlet | Found a transporter.
 10282 | Gauntlet | Found a large runed translucent door.
 10283 | Gauntlet | Found a large runed translucent door.
 10284 | Gauntlet | Found a large runed translucent door.
 10284 | Gauntlet | Found a large runed translucent door.
 10285 | Gauntlet | Found a runed translucent door.
 10286 | Gauntlet | Found a transporter.
 10287 | Gauntlet | Found a runed translucent door.
 10288 | Gauntlet | Found a large runed translucent door.
 10288 | Gauntlet | Found a large runed translucent door.
 10288 | Gauntlet | Found a transporter.
 10289 | Gauntlet | Found a large runed translucent door.
 10290 | Gauntlet | Found a large runed translucent door.
 10315 | Gauntlet | Found a transporter.
 10319 | Gauntlet | Found a transporter.
 10319 | Gauntlet | Found a transporter.
 10362 | Gauntlet | Found a transporter.
 10365 | Gauntlet | Got a pair of shimmering gloves
 10372 | Gauntlet | Identified the +1 pair of gloves "Wuefemeliu" {rElec MR-
                  | Regen+ Stlth-} (You found it in a Gauntlet)
 10460 | Gauntlet | Found a transporter.
 10571 | Gauntlet | Got a steaming plate armour
 10582 | Gauntlet | Identified the +0 plate armour of Ceotaen {-Tele +Inv Dex+3
                  | SInv} (You found it in a Gauntlet)
 10648 | Gauntlet | Identified the cursed +0 great mace of Agony {holy, +Inv
                  | rN+ Dex+3}
 10648 | Gauntlet | Identified the +6 shortbow of the Genius {freeze, MR++
                  | Int+3 Dex-2}
 10658 | Gauntlet | Identified the Papyrus of Darkness and Confrontation
 10684 | D:15     | Noticed a dire elephant
 10704 | D:15     | Killed a dire elephant
 10705 | D:15     | Found a staircase to the Depths.
 11162 | Lair:3   | Found a runed translucent door.
 11181 | Lair:3   | Noticed Xymn's ghost (journeyman MiBe)
 11206 | Lair:3   | Killed Xymn's ghost
 11237 | Lair:3   | Got a jewelled battleaxe
 11267 | Lair:4   | Noticed Rupert
 11289 | Lair:4   | Killed Rupert
 11318 | Lair:4   | Reached XP level 15. HP: 138/138 MP: 21/24
 11362 | Lair:4   | Found a staircase to the Snake Pit.
 11378 | Snake:1  | Entered Level 1 of the Snake Pit
 11398 | Snake:1  | Received a gift from Okawaru
 11400 | Snake:1  | Reached skill level 10 in Dodging
 11468 | Snake:1  | Got a transparent chain mail
 11509 | Lair:4   | Identified the cursed +0 chain mail of the Tundras {rF+ rN+
                  | MR- Int+5} (You found it on level 1 of the Snake Pit)
 11607 | Snake:1  | Got a pair of transparent boots {god gift}
 11618 | Snake:1  | Identified the +0 pair of boots of Sloth {*Drain rCorr
                  | Str+2} (Okawaru gifted it to you on level 1 of the Snake
                  | Pit)
 12118 | Snake:3  | Found Vatupt's General Store.
 12266 | Snake:4  | Entered Level 4 of the Snake Pit
 12445 | Snake:4  | Found Wetried's Jewellery Boutique.
 12559 | Snake:3  | Found a bloodstained altar of Trog.
 12559 | Snake:3  | Noticed Zonian's ghost (adept HuGl)
 12570 | Snake:3  | Identified the amulet of Oruohoso {+Rage rElec rF+ rN+++
                  | Str-5}
 12570 | Snake:3  | Found a transporter.
 12585 | Snake:3  | Identified the +4 scimitar "Adouraix" {vamp, Int+3}
 12591 | Snake:3  | Found a transporter.
 12648 | Snake:4  | Noticed a nagaraja
 12648 | Snake:4  | Noticed a nagaraja
 12664 | Snake:4  | Noticed a nagaraja
 12671 | Snake:4  | Noticed a nagaraja
 12672 | Snake:4  | Killed a nagaraja
 12672 | Snake:4  | Received a gift from Okawaru
 12675 | Snake:4  | Got an ichor-stained war axe {god gift}
 12678 | Snake:4  | Killed a nagaraja
 12682 | Snake:4  | Noticed a nagaraja
 12837 | Snake:3  | Identified the +5 war axe of Veffowk {flame, rElec MR+
                  | Dex+4} (Okawaru gifted it to you on level 4 of the Snake
                  | Pit)
 12881 | Snake:4  | Killed a nagaraja
 12951 | Snake:4  | Killed a nagaraja
 12951 | Snake:4  | Received a gift from Okawaru
 12968 | Snake:4  | Reached XP level 16. HP: 61/159 MP: 20/26
 13241 | Snake:4  | Killed a nagaraja
 13249 | Snake:4  | Lost mutation: Your body sometimes deteriorates upon taking
                  | damage. [potion of mutation]
 13249 | Snake:4  | Lost mutation: You are robust. (+10% HP) [potion of
                  | mutation]
 13249 | Snake:4  | Lost mutation: You have an increased reservoir of magic.
                  | (+10% MP) [potion of mutation]
 13249 | Snake:4  | Lost mutation: You are partially covered in molten scales.
                  | (AC +2) [potion of mutation]
 13249 | Snake:4  | Gained mutation: Your mind is acute. (Int +2) [potion of
                  | mutation]
 13249 | Snake:4  | Gained mutation: Your spells are a little easier to cast,
                  | but a little less powerful. [potion of mutation]
 13249 | Snake:4  | Gained mutation: Your flesh is cold resistant. (rC+)
                  | [potion of mutation]
 13249 | Snake:4  | Gained mutation: You are partially covered in rugged brown
                  | scales. (AC +1, +3% HP) [potion of mutation]
 13250 | Snake:4  | HP: 8/223 [poisoned by a naga sharpshooter (splash of
                  | poison)]
 13251 | Snake:4  | HP: 2/223 [poisoned by a naga sharpshooter (splash of
                  | poison)]
 13252 | Snake:4  | Succumbed to a naga sharpshooter's splash of poison

Levels and vault maps discovered:
D:1:      eino_arrival_cavern_d, layout_loops_corners
D:2:      layout_basic, kiku_gazebo_pond_becter,
          chequers_temple_overflow_minitemple, hex_large, minmay_misc_feat_rows,
          minmay_cut_off
D:3:      minmay_general_purpose_star, layout_basic, serial_undead,
          serial_undead_f, serial_undead_d, serial_undead_d, serial_undead_f
D:4:      layout_loops_ring, okawaru_gym_becter, kennysheep_small_circle
D:5:      corexii_shantytown, layout_rooms, gammafunk_ghost_hive, first_ration,
          serial_rivers, chequers_serial_rivers_micro_e,
          chequers_serial_rivers_micro_b, chequers_serial_rivers_small_3,
          chequers_serial_rivers_micro_b, chequers_serial_rivers_small_a,
          serial_shops, nicolae_shop_waterfront,
          hangedman_abyss_or_decor_lesser_grid
D:6:      layout_cave_pools, grunt_temple_overflow_gold_and_silver,
          minmay_misc_feat_five
D:7:      statuecave_lemuel, layout_rooms, minmay_temple_entry_purple_smoke,
          basic_altar, serial_shops, shop, uniq_crazy_yiuf_cottage
D:8:      layout_basic, erik_lair_orcish_takeover
D:9:      layout_basic
D:10:     layout_loops_ring, orc_0_dummy, blue_anna_alchemist
          [blue_anna_fruit_fields, blue_anna_fruit_fields], minivault_16,
          kennysheep_just_a_vault
D:11:     layout_loops_corners, serial_bayou_lagoon_a, uniq_erolcha
D:12:     layout_gridville, yredelemnul_altar_generic, uniq_nergalle
D:13:     layout_small_grid, david_vaults_1
D:14:     layout_loops_ring, hangedman_decor_diamond_cutter
D:15:     hangedman_depths_entry_try_elsewhere_first, layout_basic,
          minmay_misc_feat_secret_circle, gauntlet_entry_generic, uniq_louise,
          uniq_josephine
Lair:1:   layout_roguey, beast_lair_carwin_8, lemuel_fruit_fields,
          grunt_megastairs_5
Lair:2:   layout_loops_ring, swamp_mist_pool, enter_volcano_3,
          uniq_prince_ribbit2
Lair:3:   layout_cave_pods, ebering_ghost_reflecting_pool, grunt_megastairs_3,
          infiniplex_staircase_pool
Lair:4:   layout_regular_city, dummy_snake_entry, lemuel_fruit_tree,
          lemuel_fruit_fields, minmay_lair_oklob_chamber, serial_bayou_shore_a,
          uniq_rupert
Lair:5:   layout_loops_ring
Lair:6:   grunt_lair_end_beastmaster, layout_long_grid, slime_altar_1
Snake:1:  layout_onion_interference, drop_trap, lemuel_oklob_altar
Snake:2:  layout_honeycomb
Snake:3:  layout_misc_corridors, serial_shops, nicolae_shop_behind_doors,
          gammafunk_ghost_wrathful_warriors
Snake:4:  snake_pit, layout_grid_shapes, serial_shops, shop,
          corexii_hall_statues_t
Orc:1:    cheibrodos_orc_guarddog, layout_caves, nicolae_alphabet_shops
Orc:2:    st_orc_rangers, layout_diamond_mine, serial_shops, shop,
          minmay_orc_temple_a

Skill      XL: |  1  2  3  4  5  6  7  8  9 10 11 12 13 14 15 16 |
---------------+-------------------------------------------------+-----
Axes           | 3 4 6 8 9 10 12 15 18 | 18.5
Invocations    | 4 5 10 | 10.3
Fighting       | 7 9 10 13 | 13.7
Dodging        | 3 4 9 11 | 11.1
Armour         | 6 7 11 12 | 12.1
Shields        | 6 7 11 12 | 12.1

Action                   |  1- 3 |  4- 6 |  7- 9 | 10-12 | 13-15 | 16-18 || total
-------------------------+-------+-------+-------+-------+-------+-------++-------
Melee: War axe           |    64 |   205 |   273 |   202 |       |       ||   744
       Hand axe          |       |       |       |   123 |       |       ||   123
       Broad axe         |       |       |       |   137 |  1012 |    56 ||  1205
Invok: Heroism           |       |       |    10 |    19 |    22 |     2 ||    53
       Finesse           |       |       |       |     1 |    11 |     2 ||    14
Evoke: Wand              |       |       |       |     7 |     5 |       ||    12
  Use: Potion            |     1 |     4 |     2 |     3 |     5 |     3 ||    18
       Scroll            |       |     6 |     5 |     9 |    18 |     2 ||    40
 Stab: Petrifying        |       |       |       |       |     2 |       ||     2
       Petrified         |       |       |       |       |     1 |       ||     1
  Eat: Chunk             |       |     4 |     6 |     9 |    12 |       ||    31
       Ration            |       |       |       |     1 |     2 |       ||     3
Armor: Scale mail        |    37 |    78 |       |       |       |       ||   115
       Chain mail        |       |    11 |   126 |   149 |       |       ||   286
       Plate armour      |       |       |       |    47 |   355 |    18 ||   420
Dodge: Dodged            |    20 |    77 |    68 |   114 |   361 |     9 ||   649
       Deflected         |       |       |       |       |    51 |     3 ||    54
Block: Shield            |    36 |   115 |   127 |   220 |   583 |       ||  1081
       Large shield      |       |       |       |       |       |    62 ||    62

Table legend:
 A = Non-vault XP
 B = Vault XP
 C = Vault XP percentage of total XP
 D = Non-vault monster count
 E = Vault monster count
 F = Vault count percentage of total count
                 A         B        C        D         E       F
            +---------+---------+-------+---------+---------+-------
      Total |   77396 |   58933 |  43.2 |     452 |     178 |  28.3
            +---------+---------+-------+---------+---------+-------
        D:1 |      36 |       0 |   0.0 |      20 |       0 |   0.0
        D:2 |      12 |       4 |  25.0 |       3 |       3 |  50.0
        D:3 |     102 |      24 |  19.0 |      15 |       3 |  16.7
        D:4 |     138 |       6 |   4.2 |       9 |       3 |  25.0
        D:5 |     639 |      58 |   8.3 |      23 |      22 |  48.9
        D:6 |     864 |       0 |   0.0 |      22 |       0 |   0.0
        D:7 |     451 |       0 |   0.0 |       7 |       0 |   0.0
        D:8 |     242 |     556 |  69.7 |       5 |       6 |  54.5
        D:9 |     833 |      35 |   4.0 |      10 |       1 |   9.1
       D:10 |    3423 |     392 |  10.3 |      21 |       2 |   8.7
       D:11 |    2297 |    1010 |  30.5 |      25 |       1 |   3.8
       D:12 |     243 |     820 |  77.1 |       3 |       1 |  25.0
       D:13 |     406 |       0 |   0.0 |       6 |       0 |   0.0
       D:14 |    6847 |       0 |   0.0 |      19 |       0 |   0.0
       D:15 |    2417 |    2810 |  53.8 |       8 |       3 |  27.3
     Lair:1 |    1962 |     317 |  13.9 |      11 |       3 |  21.4
     Lair:2 |    1990 |    1657 |  45.4 |      11 |       7 |  38.9
     Lair:3 |    3163 |    2370 |  42.8 |      20 |       7 |  25.9
     Lair:4 |    3564 |    2989 |  45.6 |      11 |       1 |   8.3
     Lair:5 |    4053 |       0 |   0.0 |      17 |       0 |   0.0
     Lair:6 |    4309 |    9610 |  69.0 |      16 |      19 |  54.3
    Snake:1 |    7557 |       0 |   0.0 |      14 |       0 |   0.0
    Snake:2 |    3107 |       0 |   0.0 |       6 |       0 |   0.0
    Snake:3 |    8909 |       0 |   0.0 |      19 |       0 |   0.0
    Snake:4 |    8036 |   21120 |  72.4 |      19 |      26 |  57.8
      Orc:1 |    3691 |     496 |  11.8 |      41 |       3 |   6.8
      Orc:2 |    8105 |    4563 |  36.0 |      71 |      46 |  39.3
    Volcano |       0 |    4956 | 100.0 |       0 |      12 | 100.0
   Gauntlet |       0 |    5140 | 100.0 |       0 |       9 | 100.0
            +---------+---------+-------+---------+---------+-------
